 Dungeon Crawl Stone Soup version 0.20.1-1-g8b1a95d (webtiles) character file.

2298 doot the Summoner (level 9, -11/48 HPs)
             Began as a Tengu Summoner on July 19, 2017.
             Was a Believer of Sif Muna.
             Mangled by an iguana (14 damage)
             ... on level 7 of the Dungeon.
             The game lasted 00:36:51 (9501 turns).

doot the Summoner (Tengu Summoner)                  Turns: 9501, Time: 00:36:51

Health: -11/48     AC:  5    Str:  8    XL:     9   Next: 40%
Magic:  25/29      EV: 16    Int: 20    God:    Sif Muna [**....]
Gold:   330        SH:  0    Dex: 14    Spells: 4/21 levels left

rFire    . . .     SeeInvis .   E - +1 long sword (holy)
rCold    . . .     Gourm    .   (no shield)
rNeg     . . .     Faith    .   a - +1 robe
rPois    .         Spirit   .   (helmet restricted)
rElec    .         Reflect  .   t - +1 cloak
rCorr    .         Harm     .   (no gloves)
MR       .....                  (boots unavailable)
Stlth    ++........             (no amulet)
Regen    0.2/turn               e - +3 ring of evasion
MPRegen  0.3/turn               C - ring of magical power

@: very slightly contaminated, hasted, very quick
A: beak, talons 3, able to fly 1
a: Fly, Divine Energy, Renounce Religion


You were on level 7 of the Dungeon.
You worshipped Sif Muna.
Sif Muna was pleased with you.
You were very full.

You visited 2 branches of the dungeon, and saw 8 of its levels.
You also visited: Bailey.

You collected 330 gold pieces.

Inventory:

Hand Weapons
 g - a +0 war axe
 i - a +0 dagger
 m - a +0 whip
 p - a +1 whip of draining
 y - a +0 rapier
 B - a +0 great sword
 D - a +0 battleaxe
 E - a +1 long sword of holy wrath (weapon)
 H - a +0 great sword
 I - a +0 spear
 J - a +0 hand axe of distortion
Armour
 a - a +1 robe (worn)
 t - a +1 cloak (worn)
Jewellery
 e - a +3 ring of evasion (left hand)
 w - an uncursed ring of positive energy
 C - a ring of magical power (right hand)
Scrolls
 d - 4 scrolls of recharging
 f - 5 scrolls of remove curse
 n - 8 scrolls of identify
 v - a scroll of enchant armour
Potions
 k - 2 potions of agility {unknown}
 o - a potion of brilliance {unknown}
 q - 3 potions of cancellation {unknown}
 r - 3 potions of flight {unknown}
 s - 2 potions of lignification {unknown}
 u - a potion of berserk rage {unknown}
 x - a potion of might {unknown}
 G - 2 potions of mutation {unknown}
Books
 b - a book of Callings

   Spells                             Type                      Level
   a - Summon Small Mammal            Summoning                    1
   b - Call Imp                       Summoning                    2
   c - Call Canine Familiar           Summoning                    3
   d - Summon Guardian Golem          Hexes/Summoning              3
   e - Summon Lightning Spire         Summoning/Air                4
   f - Summon Ice Beast               Ice/Summoning                4
 F - Celeyk's Volume of the Blistering Compass
   (You found it in a bailey)

   Spells                             Type                      Level
   a - Throw Flame                    Conjuration/Fire             2
   b - Portal Projectile              Hexes/Translocation          3
   c - Sticky Flame                   Conjuration/Fire             4
   d - Fireball                       Conjuration/Fire             5
   e - Dispersal                      Translocation                6
Comestibles
 c - 7 bread rations
 h - 4 royal jellies
 j - 2 meat rations


   Skills:
 + Level 2.2 Fighting
 + Level 3.6 Maces & Flails
 + Level 3.3 Dodging
 + Level 3.8 Stealth
 + Level 6.9 Spellcasting
 * Level 1.8 Conjurations
 + Level 9.5 Summonings
 + Level 2.1 Ice Magic
 + Level 3.1 Air Magic


You had 4 spell levels left.
You knew the following spells:

 Your Spells              Type           Power        Failure   Level  Hunger
a - Sticky Flame          Conj/Fire      ##......     54%         4    ###....
b - Call Imp              Summ           #####...     1%          2    None
c - Call Canine Familiar  Summ           #####...     1%          3    #......
d - Summon Lightning Spi  Summ/Air       ####....     7%          4    ###....
e - Summon Ice Beast      Ice/Summ       ####....     9%          4    ###....


Dungeon Overview and Level Annotations

Branches:
Dungeon (7/15)             Temple (1/1) D:5

Altars:
Ashenzari
Cheibriados
Dithmenos
Elyvilon
Fedhas
Gozag
Hepliaklqana
Kikubaaqudgha
Makhleb
Nemelex Xobeh
Okawaru
Qazlal
Ru
Sif Muna
Trog
Uskayaw
Vehumet
Xom
Yredelemnul
Zin
The Shining One


Innate Abilities, Weirdness & Mutations

You have a beak for a mouth.
You have claws for feet.
You can fly.


Message History

The iguana bites you. The orc closely misses you.
Your ice beast hits the gnoll sergeant.
Your ice beast freezes the gnoll sergeant!
The gnoll sergeant barely misses you.
You feel yourself speed up. The iguana bites you!
* * * LOW HITPOINT WARNING * * *
Your ice beast hits the gnoll sergeant.
Your ice beast freezes the gnoll sergeant!
The gnoll sergeant dies!
Sif Muna accepts your kill. The orc hits you with a club.
* * * LOW HITPOINT WARNING * * *
Okay, then.
You hit the orc. Your kick misses the orc.
The orc is moderately wounded.
The iguana closely misses you. The orc closely misses you.
You hit the orc.
The orc is almost dead.
The iguana bites you!
You die...

#.#....#. #$......# #.#
##.. ..# # #######.# #.#
#.. .##.# ########.###.#
#g. )...# ..........##.#
#.. K######
..#########..##.## #.>
....#..
.....!.g..g..#...## #..
.##.#.#
...###g###.......## #..
.##.#. #l##.###.....###..
.# ... ## #@#.##
##......... .# #.#
..###o### ##...####. .#
#.#####.# #..Y).#
#.....F.. .###.......#
#.....# ##.#######
.............#!)∩..# ##.##
##############.)%).####.##
#.)..!#.))## ###########


You could see an iguana, 2 gnolls, an orc and a friendly ice beast.

Vanquished Creatures
  An ice beast (D:7)
  A big kobold (D:7)
  An electric eel (Bailey)
  A crimson imp (D:5)
  An orc priest (D:6)
  Jessica (D:2)
  A worker ant (D:4)
  2 worker ant zombies
  2 adders
  A gnoll (D:7)
  3 oozes
  A worm (D:3)
  2 leopard geckos
  4 orcs
  8 bats
  2 giant cockroaches (D:3)
  4 goblins
  7 hobgoblins
  4 kobolds
  3 quokkas
  A ball python (D:3)
  6 frilled lizards
  8 rats
65 creatures vanquished.

Vanquished Creatures (collateral kills)
  An orc knight (Bailey)
  2 kobold demonologists (Bailey)
  Eustachio (D:4)
  7 orc warriors (Bailey)
  An ice beast (D:6)
  4 ogres
  2 bullfrogs (D:7)
  A big kobold (D:7)
  A gnoll sergeant (D:7)
  A scorpion (D:4)
  3 wights (D:7)
  An electric eel (Bailey)
  A bullfrog zombie (D:7)
  A crimson imp (D:5)
  2 orc wizards
  8 orc priests
  2 bullfrog skeletons
  3 hounds
  Terence (D:2)
  An iguana (D:5)
  20 gnolls
  9 adders
  A shadow imp (D:7)
  An ooze (D:1)
  An adder skeleton (D:5)
  7 worms
  2 leopard geckos
  14 orcs
  A bat (D:2)
  2 giant cockroaches
  10 goblins
  7 hobgoblins
  11 kobolds
  2 quokkas
  2 frilled lizards (D:1)
  A jackal skeleton (D:4)
  A quokka skeleton (D:4)
  A rat (D:2)
137 creatures vanquished.

Grand Total: 202 creatures vanquished

Notes
Turn   | Place    | Note
-------+----------+-------------------------------------------
     0 | D:1      | doot the Tengu Summoner began the quest for the Orb.
     0 | D:1      | Reached XP level 1. HP: 10/10 MP: 4/4
   359 | D:1      | Reached skill level 5 in Summonings
   369 | D:1      | Reached XP level 2. HP: 13/15 MP: 4/6
   381 | D:1      | Learned a level 2 spell: Call Imp
  1193 | D:1      | Reached XP level 3. HP: 19/19 MP: 7/7
  1415 | D:2      | Learned a level 3 spell: Call Canine Familiar
  1653 | D:2      | Noticed Jessica
  1662 | D:2      | Killed Jessica
  1662 | D:2      | Reached XP level 4. HP: 20/24 MP: 2/9
  1845 | D:2      | Noticed Terence
  1860 | D:2      | Killed Terence
  2512 | D:3      | Reached skill level 6 in Summonings
  2838 | D:3      | Gained mutation: You can fly. [Tengu growth]
  2838 | D:3      | Reached XP level 5. HP: 24/28 MP: 2/10
  2888 | D:3      | Learned a level 4 spell: Summon Lightning Spire
  3006 | D:3      | Reached skill level 1 in Maces & Flails
  3565 | D:4      | Noticed an ogre
  3577 | D:4      | Killed an ogre
  3837 | D:4      | Noticed an ogre
  3838 | D:4      | Found a sparkling altar of Nemelex Xobeh.
  3906 | D:4      | Killed an ogre
  3906 | D:4      | Reached XP level 6. HP: 33/33 MP: 4/12
  4243 | D:4      | Noticed Eustachio
  4259 | D:4      | Killed Eustachio
  4356 | D:4      | Reached skill level 1 in Fighting
  4616 | D:5      | Entered Level 5 of the Dungeon
  4822 | D:5      | Reached XP level 7. HP: 33/38 MP: 7/13
  4908 | D:6      | Reached skill level 1 in Air Magic
  5151 | D:5      | Reached skill level 7 in Summonings
  5461 | D:5      | Learned a level 4 spell: Summon Ice Beast
  6262 | D:5      | Found a staircase to the Ecumenical Temple.
  6273 | Temple   | Entered the Ecumenical Temple
  6813 | D:6      | Reached skill level 5 in Spellcasting
  6967 | D:6      | Reached XP level 8. HP: 33/43 MP: 5/16
  7179 | D:6      | Found an opulent altar of Gozag.
  7440 | D:7      | Found a deep blue altar of Sif Muna.
  7440 | D:7      | Found a radiant altar of Vehumet.
  7443 | D:7      | Found a blossoming altar of Fedhas.
  7459 | D:7      | Became a worshipper of Sif Muna the Loreminder
  7595 | D:7      | Reached skill level 8 in Summonings
  7914 | D:7      | Found a flagged portal.
  7928 | Bailey   | Entered a bailey
  8104 | Bailey   | HP: 1/44 [electric eel/bolt of electricity (9)]
  8129 | Bailey   | HP: 1/44 [electric eel/bolt of electricity (9)]
  8513 | Bailey   | Found an iron altar of Okawaru.
  8513 | Bailey   | Noticed a kobold demonologist
  8513 | Bailey   | Noticed a kobold demonologist
  8563 | Bailey   | Killed a kobold demonologist
  8563 | Bailey   | Reached * piety under Sif Muna
  8563 | Bailey   | Reached skill level 1 in Ice Magic
  8586 | Bailey   | Killed a kobold demonologist
  8586 | Bailey   | Reached skill level 9 in Summonings
  8586 | Bailey   | Reached XP level 9. HP: 39/48 MP: 12/19
  8696 | Bailey   | Noticed an orc knight
  8718 | Bailey   | Killed an orc knight
  8766 | Bailey   | Identified Celeyk's Volume of the Blistering Compass
  8777 | Bailey   | Learned a level 4 spell: Sticky Flame
  8883 | Bailey   | Reached ** piety under Sif Muna
  8883 | Bailey   | Reached skill level 1 in Conjurations
  9499 | D:7      | HP: 2/48 [orc/club (5)]
  9501 | D:7      | Mangled by an iguana

Skill      XL: |  1  2  3  4  5  6  7  8  9 |
---------------+----------------------------+-----
Summonings     | 5 6 7 9 |  9.5
Spellcasting   | 3 5 6 |  6.9
Maces & Flails | 2 3 |  3.6
Fighting       | 1 2 |  2.2
Stealth        | 3 |  3.8
Air Magic      | 1 2 3 |  3.1
Dodging        | 3 |  3.3
Ice Magic      | 1 2 |  2.1
Conjurations   | 1 |  1.8

Action                   |  1- 3 |  4- 6 |  7- 9 || total
-------------------------+-------+-------+-------++-------
Melee: Unarmed           |    10 |       |       ||    10
       Dagger            |    13 |       |       ||    13
       Kick              |     8 |     9 |    18 ||    35
       Whip              |    27 |    67 |   100 ||   194
       Peck              |     5 |     7 |    14 ||    26
       Long sword        |       |       |     3 ||     3
 Cast: Summon Small Mamm |     9 |     1 |       ||    10
       Call Imp          |    12 |    10 |     6 ||    28
       Call Canine Famil |     2 |    20 |    32 ||    54
       Summon Lightning  |       |     5 |    27 ||    32
       Summon Ice Beast  |       |       |    24 ||    24
 Abil: Fly               |       |       |     1 ||     1
  Use: Scroll            |     4 |       |     7 ||    11
       Potion            |       |       |     9 ||     9
 Stab: Sleeping          |     3 |     6 |       ||     9
       Distracted        |       |       |     2 ||     2
  Eat: Chunk             |     3 |    13 |    17 ||    33
       Fruit             |       |       |     2 ||     2
       Meat ration       |       |       |     2 ||     2
       Bread ration      |       |       |     1 ||     1
Armor: Robe              |    17 |     1 |    11 ||    29
Dodge: Dodged            |    51 |    59 |   120 ||   230
       Rpst.: Long sword |       |       |     6 ||     6
